 Dungeon Crawl Stone Soup version 0.27-a0-1144-g0b7d3b79db (webtiles) character file.

Game seed: 11856681990427020267

1 neco the Firebug (level 1, -6/11 HPs)
             Began as an Octopode Fire Elementalist on May 11, 2021.
             Mangled by a water moccasin (8 damage)
             ... on level 1 of the Dungeon.
             The game lasted 00:01:33 (86 turns).

neco the Firebug (Octopode Fire Elementalist)         Turns: 86, Time: 00:01:33

Health: -6/11      AC:  1    Str:  7    XL:     1   Next: 20%
Magic:  3/3        EV: 13    Int: 17    God:
Gold:   0          SH:  0    Dex: 12    Spells: 3/4 levels left

rFire    . . .     SeeInvis .   a - +0 dagger
rCold    . . .     Faith    .   (no shield)
rNeg     . . .     Spirit   .   (helmet restricted)
rPois    .         Reflect  .   (no amulet)
rElec    .         Harm     .   (no ring)
rCorr    .         Rampage  .   (no ring)
Will     .....                  (no ring)
Stlth    +++.......             (no ring)
HPRegen  0.03/turn              (no ring)
MPRegen  0.08/turn              (no ring)
                                (no ring)
                                (no ring)

@: no status effects
A: almost no armour, amphibious, 8 rings, camouflage 1, gelatinous body 1,
(nimble swimmer 1), tentacles
a: no special abilities


You were on level 1 of the Dungeon.
You visited 1 branch of the dungeon, and saw 2 of its levels.

Inventory:

Hand Weapons
 a - a +0 dagger (weapon)


   Skills:
 + Level 2.0 Dodging
 + Level 2.6 Stealth
 + Level 2.1 Spellcasting
 + Level 1.0 Conjurations
 + Level 3.0 Fire Magic


You had 3 spell levels left.
You knew the following spells:

 Your Spells              Type           Power      Damage    Failure   Level
a - Foxfire               Conj/Fire      32%        2x1d5     9%          1

Your spell library contained the following spells:

 Spells                   Type           Power      Damage    Failure   Level
 Conjure Flame            Conj/Fire      8%         6-21      26%         3
 Inner Flame              Hex/Fire       6%         N/A       30%         3
 Sticky Flame             Conj/Fire      8%         2d3       63%         4
 Fireball                 Conj/Fire      4%         3d4       93%         5


Dungeon Overview and Level Annotations

Branches:
Dungeon (2/15)

Altars:


Innate Abilities, Weirdness & Mutations

You cannot wear most types of armour.
You are amphibious.
You can wear up to eight rings at the same time.
Your skin changes colour to match your surroundings (Stealth+).
Your rubbery body absorbs attacks. (AC +1, EV +1)
((You are camouflaged near water. (Stealth+)))
You have tentacles for arms and can constrict up to eight enemies at once.


Message History

You closely miss the rat. Your grab misses the rat. The rat closely misses you.
You barely miss the rat. You grab the rat. You squeeze the rat.
You kill the rat!
The goblin unwields a +0 club.
The goblin wields a +0 hunting sling.
The goblin shoots a stone.
The stone closely misses you.
The goblin shoots a stone.
The stone closely misses you.
You see here a rat corpse.
The goblin unwields a +0 hunting sling.
The goblin wields a +0 club.
The goblin closely misses you.
You closely miss the goblin. You grab the goblin. You squeeze the goblin.
You kill the goblin!
A water moccasin comes into view.
The water moccasin moves out of view.
No target in view!
No target in view!
Items here: ( )) †.
The water moccasin hisses angrily.
You hit the water moccasin but do no damage.
You grab the water moccasin.
You constrict the water moccasin, but do no damage.
The water moccasin closely misses you. The water moccasin bites you!
Ouch! That really hurt!
You are too injured to fight recklessly!
You hit the water moccasin but do no damage.
You constrict the water moccasin. The water moccasin bites you.
* * * LOW HITPOINT WARNING * * *
Unknown command.
You release your grip on the water moccasin.
A hobgoblin comes into view.
The water moccasin barely misses you. The water moccasin barely misses you.
There is a stone staircase leading up here.
The water moccasin completely misses you. x2
You climb upwards.
A rat comes into view.
Found 10 gold pieces.
There is a stone staircase leading down here.
The water moccasin bites you!
Ouch! That really hurt!
You die...

## #.
#.####.###
#.@r......
#..S.#.###
#....# #.
#....# #.
#....#
#.....
#......
#......$
### #≈≈


You could see a water moccasin and a rat.

Vanquished Creatures
  A goblin (D:2)
  A rat (D:2)
2 creatures vanquished.

Notes
Turn   | Place    | Note
-------+----------+-------------------------------------------
     0 | D:1      | neco the Octopode Fire Elementalist began the quest for the
                  | Orb.
     0 | D:1      | Reached XP level 1. HP: 11/11 MP: 3/3
    51 | D:1      | You fall into a shaft and drop 1 floor!
    74 | D:2      | Noticed a water moccasin
    86 | D:1      | Mangled by a water moccasin

Illustrated notes

Levels and vault maps discovered:
D:1:      dpeg_arrival_yet_another_circle, layout_basic, nrook_mini_vaults
D:2:      layout_basic, minmay_pentomino_s4

Action                   || total
-------------------------++-------
Melee: Dagger            ||     5
       Constrict         ||     3
       Tentacles         ||     2
Dodge: Dodged            ||     9

Table legend: (Time is in decaauts)
 A = Elapsed time spent in this place.
 B = Non-inter-level travel time spent in this place.
 C = Inter-level travel time spent in this place.
 D = Time resting spent in this place.
 E = Time spent auto-exploring this place.
 F = Levels seen in this place.
 G = Mean time per level.
                   A        B        C        D        E       F      G
               +--------+--------+--------+--------+--------+-----+--------+
         Total |     85 |     85 |      0 |      0 |      0 |   2 |   42.5 |
       Dungeon |     85 |     85 |      0 |      0 |      0 |   2 |   42.5 |
               +--------+--------+--------+--------+--------+-----+--------+

Top non-repeatable levels by time:
     D:1: 52 daAuts
     D:2: 33 daAuts
